 Dungeon Crawl Stone Soup version 0.29-a0-757-g358383bc75 (webtiles) character file.

Game seed: 6428181423188714518

9 DuloT34 the Vexing (level 2, -1/21 HPs)
             Began as a Barachi Arcane Marksman on June 30, 2022.
             Slain by a jackal (3 damage)
             ... on level 1 of the Dungeon.
             The game lasted 00:00:39 (251 turns).

DuloT34 the Vexing (Barachi Arcane Marksman)         Turns: 251, Time: 00:00:39

Health: -1/21      AC:  2    Str: 11    XL:     2   Next: 16%
Magic:  4/4        EV: 12    Int: 13    God:
Gold:   8          SH:  0    Dex: 12    Spells: 3/4 levels left

rFire   . . .      SeeInvis .   a - +0 sling
rCold   . . .      Faith    .   (no shield)
rNeg    . . .      Spirit   .   c - +0 robe
rPois   .          Reflect  .   (no helmet)
rElec   .          Harm     .   (no cloak)
rCorr   .          Rampage  .   (no gloves)
Will    .....                   (no boots)
Stlth   +.........              (no amulet)
HPRegen 0.07/turn               (no ring)
MPRegen 0.09/turn               (no ring)

@: invisible, slow
A: amphibious, slowness 1, strong legs 1, +LOS
a: Hop


You were on level 1 of the Dungeon.
You visited 1 branch of the dungeon, and saw 1 of its levels.

You collected 8 gold pieces.

Inventory:

Hand Weapons
 a - a +0 sling (weapon)
Armour
 c - a +0 robe (worn)
Scrolls
 b - a scroll of vulnerability


   Skills:
 - Level 1.2 Fighting
 + Level 2.3 Ranged Weapons
 - Level 2.1 Dodging
 - Level 1.9 Spellcasting
 - Level 3.2 Hexes


You had 3 spell levels left.
You knew the following spells:

 Your Spells              Type           Power      Damage    Failure   Level
a - Slow                  Hex            36%        N/A       7%          1

Your spell library contained the following spells:

 Spells                   Type           Power      Damage    Failure   Level
 Inner Flame              Hex/Fire       5%         N/A       36%         3
 Portal Projectile        Hex/Tloc       10%        N/A       36%         3
 Cause Fear               Hex            4%         N/A       54%         4


Dungeon Overview and Level Annotations

Branches:
Dungeon (1/15)

Altars:


Innate Abilities, Weirdness & Mutations

You are amphibious.
You cover ground slowly.
You can hop short distances.
You have an extended range of vision and can be seen from far away.


Message History

The sling bullet barely misses the jackal.
The sling bullet hits the jackal but does no damage.
The jackal bites you. The jackal barely misses you.
You are too injured to fight recklessly!
You are too injured to fight recklessly!
You are too injured to fight recklessly!
The jackal bites you but does no damage.
You are too injured to fight recklessly!
Fire: a) +0 sling
Press: ? - help, Shift-Dir - straight line, f/p - jackal
Aim: a jackal (heavily wounded)
You shoot a sling bullet.
The sling bullet barely misses the jackal.
The jackal bites you. x2
* * * LOW HITPOINT WARNING * * *
It was a potion of invisibility.
You fade into invisibility!
The jackal bites you.
* * * LOW HITPOINT WARNING * * *
The jackal barely misses you.
You see here a metallic purple potion.
Found 6 gold pieces.
The jackal misses you. The jackal misses you.
A hobgoblin comes into view.
The jackal bites you.
* * * LOW HITPOINT WARNING * * *
Fire: a) +0 sling
Press: ? - help, Shift-Dir - straight line, f/p - jackal
Aim: a jackal (heavily wounded, unable to see you)
You shoot a sling bullet.
The sling bullet closely misses the jackal.
The jackal misses you.
Unknown command.
Fire: a) +0 sling
Press: ? - help, Shift-Dir - straight line, f/p - jackal
Aim: a jackal (heavily wounded, unable to see you)
You shoot a sling bullet.
The sling bullet closely misses the jackal.
The jackal closely misses you. The jackal bites you.
You die...

.....##...........
......#.....†.....
....#.#........... ##
..#...#........... .g.
†.#.....#w...!.# ....
#.#....#...##### .....
........g### ...$..
..#.....># #####.......
.........# ###gh@?.......
.#.....w.###.hh########..
.#.........w.###
.##...†..##### .##......#
.######### ##


You could see a dart slug (unable to see you), 3 jackals, a hobgoblin (asleep)
and a goblin (unable to see you).

Vanquished Creatures
  A bat (D:1)
  A goblin (D:1)
  3 jackals (D:1)
  A quokka (D:1)
  A kobold (D:1)
  A rat (D:1)
8 creatures vanquished.

Notes
Turn   | Place    | Note
-------+----------+-------------------------------------------
     0 | D:1      | DuloT34 the Barachi Arcane Marksman began the quest for the
                  | Orb.
     0 | D:1      | Reached XP level 1. HP: 15/15 MP: 2/2
   154 | D:1      | Reached XP level 2. HP: 20/21 MP: 4/4
   249 | D:1      | HP: 1/21 [jackal (2)]
   251 | D:1      | Slain by a jackal

Illustrated notes

Levels and vault maps discovered:
D:1:      lightli_arrival_noodles, layout_rooms, ebering_ecumenical_altar_webs

Action                   || total
-------------------------++-------
 Fire: Sling             ||    36
  Use: Potion            ||     1
Armor: Robe              ||     6
Dodge: Dodged            ||    18

Table legend: (Time is in decaauts)
 A = Elapsed time spent in this place.
 B = Non-inter-level travel time spent in this place.
 C = Inter-level travel time spent in this place.
 D = Time resting spent in this place.
 E = Time spent auto-exploring this place.
 F = Levels seen in this place.
 G = Mean time per level.
                   A        B        C        D        E       F      G
               +--------+--------+--------+--------+--------+-----+--------+
         Total |    279 |    279 |      0 |      0 |    202 |   1 |  279.0 |
       Dungeon |    279 |    279 |      0 |      0 |    202 |   1 |  279.0 |
               +--------+--------+--------+--------+--------+-----+--------+

Top non-repeatable levels by time:
     D:1: 279 daAuts
